AoeStats
← [PSCH] R!ce

African Clearing

505289128Analyzed
3v3 RM · 24d ago on Sep 8, 2026· 43m 47s· 6 players
Game mode
Random Map
Map size
Normal (6 player)
Population
200
Speed
Normal
Resources
Standard
Victory
Conquest
Starting age
Dark Age
Ending age
Imperial Age
RankedLock teamsTeams togetherTeam positionsShared explorationLock speedFull tech treeHidden civsTurbo modeCheats
Victory
Defeat
🇨🇭 Goths · Switzerland
1458
+13
🇨🇭 Wei · Switzerland
1440
+13
🇨🇭 Huns · Switzerland
1432
+14
🇨🇭 Bengalis · Switzerland
1434
-15
🇺🇸 Tatars · United States
1371
-13
🇱🇺 Poles · Luxembourg
1351
-12
Skrepee
7:16 Loom
15:15 Feudal Age
15:56 Double-Bit Axe
20:07 Castle Age
18:05 Horse Collar
19:38 Scale Barding Armor
19:59 Bloodlines
27:03 Fletching
29:37 Szlachta Privileges
31:17 Forging
31:51 Ballistics
33:27 Chain Barding Armor
33:53 Husbandry
34:34 Iron Casting
35:08 Wheelbarrow
41:03 Imperial Age
39:41 Bow Saw
39:32 Bodkin Arrow
40:37 Hand Cart
40:07 Town Watch
41:19 Cavalier
43:06 Blast Furnace
Tako龍
11:31 Loom
13:52 Feudal Age
15:33 Double-Bit Axe
18:11 Castle Age
17:52 Scale Barding Armor
18:11 Bloodlines
18:16 Forging
23:21 Husbandry
27:15 Chain Barding Armor
31:04 Bow Saw
34:30 Iron Casting
46:28 Imperial Age
44:34 Wheelbarrow
ChickenHunter
9:24 Loom
12:55 Feudal Age
16:48 Fletching
18:17 Double-Bit Axe
21:46 Horse Collar
23:58 Wheelbarrow
28:29 Castle Age
32:31 Bodkin Arrow
[PSCH] wolverito
7:48 Loom
14:24 Feudal Age
15:22 Horse Collar
18:03 Castle Age
16:04 Double-Bit Axe
16:09 Horse Collar
19:30 Bloodlines
20:04 Scale Barding Armor
21:29 Fishing Lines
25:46 Forging
29:18 Chain Barding Armor
31:25 Wheelbarrow
33:37 Iron Casting
34:44 Heavy Plow
34:36 Gold Mining
34:36 Stone Mining
35:46 Hand Cart
36:26 Bow Saw
36:59 Gold Shaft Mining
36:59 Stone Shaft Mining
36:35 Town Watch
36:48 Gillnets
37:10 Husbandry
38:48 Stone Shaft Mining
38:41 Town Patrol
42:14 Imperial Age
41:08 Tuntian
44:14 Blast Furnace
42:44 Elite Tiger Cavalry
44:42 Ming Guang Armor
44:43 Conscription
[PSCH] R!ce
4:22 Loom
11:58 Feudal Age
13:35 Double-Bit Axe
17:11 Fletching
23:11 Castle Age
23:13 Crossbowman
24:34 Bodkin Arrow
30:10 Bow Saw
37:20 Imperial Age
36:27 Wheelbarrow
36:02 Horse Collar
37:04 Anarchy
37:34 Scale Mail Armor
37:45 Forging
39:07 Hand Cart
39:18 Heavy Plow
38:47 Pikeman
41:02 Chain Mail Armor
40:58 Forging
40:25 Halberdier
41:08 Squires
41:15 Perfusion
43:08 Iron Casting
44:49 Blast Furnace
[PSCH] Reh
6:10 Loom
14:42 Feudal Age
15:47 Double-Bit Axe
18:14 Castle Age
17:06 Gold Mining
19:05 Bow Saw
19:07 Fletching
20:03 Padded Archer Armor
21:27 Thumb Ring
24:09 Horse Collar
25:24 Bloodlines
26:56 Husbandry
28:29 Ballistics
30:02 Heavy Plow
30:45 Gold Shaft Mining
31:42 Wheelbarrow
31:47 Pikeman
32:28 Squires
32:29 Scale Mail Armor
32:27 Bodkin Arrow
32:47 Leather Archer Armor
32:56 Hand Cart
33:50 Stone Mining
34:19 Masonry
36:22 Town Watch
37:12 Town Patrol
37:50 Light Cavalry
42:29 Imperial Age
40:04 Murder Holes
40:51 Scale Barding Armor
40:56 Forging
42:34 Heavy Cavalry Archer
43:39 Parthian Tactics
43:16 Bracer
44:19 Chemistry
43:45 Atheism
43:46 Conscription
44:41 Two-Man Saw
Connection lost

Rejoining the realm…

Still unreachable

The connection could not be restored.

Session expired

The server has moved on; the page needs a fresh start.